 Dungeon Crawl Stone Soup version 0.31-b1-20-g67cafac56d (webtiles) character file.

Game seed: 2356354442366032967

24 BigPumpCobain the Chopper (level 2, 27/27 HPs)
             Began as a Minotaur Monk on Jan 17, 2024.
             Quit the game on level 1 of the Dungeon.
             The game lasted 00:01:09 (455 turns).

BigPumpCobain the Chopper (Minotaur Monk)            Turns: 455, Time: 00:01:09

Health: 27/27      AC:  2    Str: 15    XL:     2   Next: 79%
Magic:  1/1        EV: 13    Int:  7    God:
Gold:   89         SH:  0    Dex: 12    Spells: 1/1 levels left

rFire   . . .        a - +0 hand axe
rCold   . . .        d - orb {light}
rNeg    . . .        b - +0 robe
rPois   .            (helmet restricted)
rElec   .            (no cloak)
rCorr   .            (no gloves)
SInv    .            (no boots)
Will    .....        (no amulet)
Stlth   +            (no ring)
HPRegen 0.24/turn    (no ring)
MPRegen 0.07/turn

%: no passive effects
@: glowing
A: horns 2, retaliatory headbutt
a: no special abilities


You were on level 1 of the Dungeon.
You visited 1 branch of the dungeon, and saw 1 of its levels.

You collected 89 gold pieces.

Inventory:

Hand Weapons
 a - a +0 hand axe (weapon)
Armour
 b - a +0 robe (worn)
 d - an orb of light (worn)
Scrolls
 f - a scroll of torment {unknown}
 g - a scroll of poison {unknown}
Potions
 c - a potion of ambrosia
 e - a potion of brilliance {unknown}


   Skills:
 + Level 3.9 Fighting
 * Level 4.4 Axes
 + Level 3.5 Dodging


You had one spell level left.
You didn't know any spells.
Your spell library was empty.

Dungeon Overview and Level Annotations

Branches:
Dungeon (1/15)

Altars:


Innate Abilities, Weirdness & Mutations

You have a pair of horns on your head.
You reflexively headbutt those who attack you in melee.


Message History

No target in view!
No target in view!
No target in view!
No target in view!
No target in view!
Things that are here:
a +0 dagger of venom; 3 stones You now have 89 gold pieces (gained 7).
A ball python comes into view.
The ball python hisses angrily.
You hit the ball python.
The ball python is moderately wounded.
The ball python barely misses you. You furiously retaliate!
You headbutt the ball python.
You kill the ball python!
You see here a ball python corpse.
A hobgoblin comes into view.
The hobgoblin shouts!
The hobgoblin closely misses you.
You hit the hobgoblin.
The hobgoblin is moderately wounded.
The hobgoblin misses you. x2
You barely miss the hobgoblin.
The hobgoblin is moderately wounded.
The hobgoblin barely misses you.
You completely miss the hobgoblin.
The hobgoblin is lightly wounded.
The hobgoblin hits you.
You barely miss the hobgoblin.
The hobgoblin is lightly wounded.
The hobgoblin hits you.
You slash the hobgoblin!
You kill the hobgoblin!
No target in view!
No target in view!
You see here a hobgoblin corpse.
A frilled lizard comes into view.
The frilled lizard hisses angrily.
The frilled lizard moves out of view.
Are you sure you want to abandon this character and quit the game? (Confirm with "yes".)

#...# ####......#.# #.###.##. #
#..|###......#..#.# #.....[.. #
#............#..#.#######.###
#####....##.#.........##......###
.....[...............###.........
.............................####
...............#.#######.....#
#####....##......# #.....#
#.........##@# #######
#...########.# #..†# #.########
#####...###### #.#......#
.............# #.....##.#
####....####.# ###.#.##.####### #
#.#.#####.#####.#........†.### #
#...#.........#.####.#####....
#.......#.###.#......# #####


There were no monsters in sight!

Vanquished Creatures
  A dart slug (D:1)
  4 ball pythons (D:1)
  An endoplasm (D:1)
  A giant cockroach (D:1)
  A goblin (D:1)
  4 hobgoblins (D:1)
  2 jackals (D:1)
  A bat (D:1)
  2 frilled lizards (D:1)
  2 kobolds (D:1)
19 creatures vanquished.

Notes
Turn   | Place    | Note
-------+----------+-------------------------------------------
     0 | D:1      | BigPumpCobain the Minotaur Monk began the quest for the
                  | Orb.
     0 | D:1      | Reached XP level 1. HP: 19/19 MP: 0/0
   103 | D:1      | Reached skill level 4 in Axes
   160 | D:1      | Reached XP level 2. HP: 24/26 MP: 1/1
   455 | D:1      | Quit the game

Illustrated notes

Levels and vault maps discovered:
D:1:      minmay_arrival_semitransparent, layout_loops_cross,
          shapermc_ecumenical_altar_hornbeckon, minmay_stone_trees_small

Skill      XL: |  1 |
---------------+----+-----
Axes           | 4 |  4.4
Fighting       | |  3.9
Dodging        | |  3.5

Action                     || total
---------------------------++-------
  Melee: Hand axe          ||    36
         Headbutt          ||     9
 Armour: Robe              ||    21
  Dodge: Dodged            ||    23
